 Dungeon Crawl Stone Soup version 0.32-a0-960-g3814254bd7 (webtiles) character file.

Game seed: 4320434882268578187

1724488 Drazool the Cryomancer (level 27, 243/243 (250) HPs)
             Began as a Djinni Fire Elementalist on Apr 15, 2024.
             Was the Champion of Ashenzari.
             Escaped with the Orb
             ... and 3 runes on Apr 17, 2024!
             The game lasted 07:28:42 (65372 turns).

Drazool the Cryomancer (Djinni Fire Elementalist)  Turns: 65372, Time: 07:28:43

HP:   243/243 (250) AC: 33    Str: 16 (18) XL:     27
Gold: 5475          EV: 15    Int: 28 (30) God:    Ashenzari [******] SH:  6 Dex: 13 (14)

rFire   + + .        Z - +9 broad axe "Revealing Affliction" {antimagic, Melee, Cun} (curse)
rCold   . . .        X - +0 buckler of Ashenzari's Boredom {Elem, Fort} (curse)
rNeg    + . .        V - +6 chain mail of Ashenzari's Regret {rPois Regen+, Elem, Self} (curse)
rPois   ∞            M - +2 helmet of the Restrained Ether {Int+3, Bglg, Sorc} (curse)
rElec   +            k - +2 cloak of the Tethered Malaise {Cun, Self} (curse)
rCorr   .            a - +2 pair of gloves of Ashenzari's Stickiness {Dev, Comp} (curse)
SInv    +            (boots unavailable)
Will    +++..        O - amulet of Ashenzari's Sorrow {Regen+, Dev, Fort} (curse)
Stlth   +            U - ring "Per Aspera Ad Scientiam" {rElec rC+ Str+4 Stlth+, Elem, Bglg} (curse)
HPRegen 2.20/turn    L - ring "Gaze Upon Infinity" {rN+ Will+ Str+3 Slay-2, Sorc, Melee} (curse)

%: clarity
@: flying, studying 4 skills, lightly drained
A: sickness immunity, fire resistance 2, cold vulnerability 1, float, innate
caster, HP casting, extra vitality 1, clumsy 1, passive freeze, robust 1, strong
1
0: Orb of Zot
}: 3/15 runes: decaying, silver, gossamer
a: Renounce Religion, Shatter the Chains


You escaped.
You worshipped Ashenzari.
Ashenzari was exalted by your worship.
You visited 11 branches of the dungeon, and saw 51 of its levels.
You visited 1 bazaar.
You also visited: Ice Cave, Volcano and Wizlab.

You collected 7791 gold pieces.
You spent 2316 gold pieces at shops.


Innate Abilities, Weirdness & Mutations

You are immune to sickness and miasma.
You are immune to poison.
Your flesh is very heat resistant. (rF++)
You are vulnerable to cold. (rC-)
You float through the air rather than walking.
You learn spells naturally, not from books.
Your magical power is your life essence.
You have superior vitality. (+4 MHP)
You are clumsy. (Dex -2)
A frigid envelope surrounds you and freezes all who hurt you.
You are robust. (+10% HP)
Your muscles are strong. (Str +4, Int/Dex -1)


   Skills:
 - Level 23.8(27) Fighting
 - Level 14.4(18.0) Axes
 - Level 17.8(21.1) Armour
 + Level 18.5(21.9) Dodging
 - Level 8.3(12.0) Stealth
 - Level 6.3(10.0) Shields
 - Level 24.0(27) Spellcasting
 - Level 24.0(27) Conjurations
 - Level 24.0(27) Hexes
 - Level 24.0(26.0) Summonings
 - Level 24.0(26.0) Necromancy
 - Level 24.0(27) Translocations
 - Level 24.0(27) Fire Magic
 - Level 25.9(27) Ice Magic
 - Level 24.0(27) Air Magic
 - Level 24.0(27) Earth Magic
 - Level 24.0(27) Alchemy
 - Level 5.8(9.3) Evocations


You knew the following spells:

 Your Spells              Type           Power      Damage    Failure   Level
a - Ignite Poison         Fire/Alch      100%       N/A       0%          4
b - Borgnjor's Vile Clut  Necr/Erth      56%        N/A       0%          5
c - Yara's Violent Unrav  Hex/Alch       56%        3d21      0%          5
d - Conjure Ball Lightni  Conj/Air       56%        3x3d20    0%          6
e - Infestation           Necr           55%        N/A       1%          8
f - Foxfire               Conj/Fire      100%       2x1d9     0%          1
g - Dragon's Call         Summ           55%        N/A       9%          9
i - Dispersal             Tloc           56%        N/A       0%          6
l - Lesser Beckoning      Tloc           100%       N/A       0%          2
m - Mephitic Cloud        Conj/Alch/Air  100%       N/A       0%          3
p - Maxwell's Capacitive  Air            56%        ∞         1%          8
r - Inner Flame           Hex/Fire       100%       N/A       0%          3
s - Monstrous Menagerie   Summ           55%        N/A       1%          7
z - Sting                 Conj/Alch      100%       1d9       0%          1
D - Discord               Hex            56%        N/A       1%          8
X - Scorch                Fire           100%       2d9       0%          2
Y - Volatile Blastmotes   Fire/Tloc      100%       2d18      0%          3
Z - Flame Wave            Conj/Fire      100%       2d21      0%          4
Your spell library was empty.

Inventory:

Hand Weapons
 Z - the cursed +9 broad axe "Revealing Affliction" (weapon) {antimagic, Melee, Cun}
   (You found it in an ice cave)

   It has a curse which improves the following skills: Melee Combat: Short
   Blades, Long Blades, Axes, Maces & Flails, Polearms, Staves and Unarmed
   Combat.
   Cunning:   Dodging and Stealth.
Missiles
 H - 3 throwing nets {=f}
Armour
 a - the cursed +2 pair of gloves of Ashenzari's Stickiness (worn) {Dev, Comp}
   (You found it on level 8 of the Dungeon)

   It has a curse which improves the following skills: Devices: Evocations and
   Shapeshifting.
   Companions: Summonings and Necromancy.
 k - the cursed +2 cloak of the Tethered Malaise (worn) {Cun, Self}
   (You found it on level 2 of the Dungeon)

   It has a curse which improves the following skills: Cunning: Dodging and
   Stealth.
   Introspection: Fighting and Spellcasting.
 M - the cursed +2 helmet of the Restrained Ether (worn) {Int+3, Bglg, Sorc}
   (You bought it in a shop on level 4 of the Dungeon)

   It has a curse which improves the following skills: Beguiling: Hexes and
   Translocations.
   Sorcery:   Conjurations and Alchemy.
 T - the +3 crown of Dyrovepreva {rElec Int+2 SInv}
   (You found it on level 3 of the Crypt)

   Int+2:     It affects your intelligence (+2).
   rElec:     It insulates you from electricity.
   SInv:      It lets you see invisible.
 V - the cursed +6 chain mail of Ashenzari's Regret (worn) {rPois Regen+, Elem, Self}
   (You found it on level 4 of the Swamp)

   rPois:     It protects you from poison.
   Regen+:    It increases your rate of health regeneration.
   It has a curse which improves the following skills: Elements: Fire Magic, Ice
   Magic, Air Magic and Earth Magic.
   Introspection: Fighting and Spellcasting.
 X - the cursed +0 buckler of Ashenzari's Boredom (worn) {Elem, Fort}
   (You found it on level 5 of the Lair of Beasts)

   It has a curse which improves the following skills: Elements: Fire Magic, Ice
   Magic, Air Magic and Earth Magic.
   Fortitude: Armour and Shields.
Jewellery
 D - the macabre finger necklace {Finger+ rN+}
   (You took it off a yaktaur on level 5 of the Vaults)

   [amulet of nothing]

   Finger+:   It enables you to equip an extra ring.
   rN+:       It protects you from negative energy.
 I - a +6 ring of intelligence
 L - the cursed ring "Gaze Upon Infinity" (right hand) {rN+ Will+ Str+3 Slay-2, Sorc, Melee}
   (You found it on level 10 of the Dungeon)

   [ring of willpower]

   Str+3:     It affects your strength (+3).
   Slay-2:    It affects your accuracy & damage with ranged weapons and melee
   (-2).
   rN+:       It protects you from negative energy.
   Will+:     It increases your willpower.
   It has a curse which improves the following skills: Sorcery: Conjurations and
   Alchemy.
   Melee Combat: Short Blades, Long Blades, Axes, Maces & Flails, Polearms,
   Staves and Unarmed Combat.
 O - the cursed amulet of Ashenzari's Sorrow (around neck) {Regen+, Dev, Fort}
   (You bought it in a shop on level 4 of the Dungeon)

   [amulet of regeneration]

   Regen+:    It increases your rate of health regeneration.
   It has a curse which improves the following skills: Devices: Evocations and
   Shapeshifting.
   Fortitude: Armour and Shields.
 S - the ring of Sif Muna, Riding {+Blink rC+ Int+3 Dex+6}
   (You found it on level 3 of the Vaults)

   [ring of dexterity]

   Int+3:     It affects your intelligence (+3).
   Dex+6:     It affects your dexterity (+6).
   rC+:       It protects you from cold.
   +Blink:    It lets you blink.
 U - the cursed ring "Per Aspera Ad Scientiam" (left hand) {rElec rC+ Str+4 Stlth+, Elem, Bglg}
   (You bought it in a shop on level 2 of the Orcish Mines)

   [ring of protection from cold]

   Str+4:     It affects your strength (+4).
   rC+:       It protects you from cold.
   rElec:     It insulates you from electricity.
   Stlth+:    It makes you more stealthy.
   It has a curse which improves the following skills: Elements: Fire Magic, Ice
   Magic, Air Magic and Earth Magic.
   Beguiling: Hexes and Translocations.
Wands
 q - a wand of mindburst (44)
 B - a wand of iceblast (86)
 C - a wand of flame (84)
 F - a wand of paralysis (62)
 K - a wand of digging (10)
 Q - a wand of acid (12)
 R - a wand of polymorph (27)
Scrolls
 c - 6 scrolls of fear
 d - 12 scrolls of poison
 g - 13 scrolls of enchant armour
 i - 15 scrolls of immolation
 l - 9 scrolls of vulnerability
 s - 5 scrolls of noise
 t - 3 scrolls of summoning
 v - 7 scrolls of teleportation {@r2}
 x - 6 scrolls of revelation
 y - 2 scrolls of blinking
 G - 3 scrolls of enchant weapon
 J - 4 scrolls of torment
 P - 7 scrolls of fog
Potions
 b - 8 potions of lignification
 e - 3 potions of cancellation
 f - 10 potions of enlightenment
 h - 5 potions of invisibility
 j - 2 potions of haste {@q3}
 m - 12 potions of might
 n - 9 potions of mutation
 o - 6 potions of ambrosia
 p - 6 potions of resistance
 u - 8 potions of berserk rage {!q}
 z - 7 potions of attraction
 A - 26 potions of curing {@q1}
 N - 10 potions of heal wounds {@q2}
 W - 8 potions of brilliance
 Y - 5 potions of magic
Miscellaneous
 r - a sack of spiders
 w - a lightning rod (4/4)
 E - a Gell's gravitambourine (2/2)

Dungeon Overview and Level Annotations

Branches:
Dungeon (15/15)            Temple (1/1) D:7            Lair (5/5) D:8
  Swamp (4/4) Lair:2       Spider (4/4) Lair:2        Slime (0/5) Lair:4
    Orc (2/2) D:10            Elf (3/3) Orc:2        Vaults (5/5) D:14
  Crypt (3/3) Vaults:3       Tomb (0/3) Crypt:3      Depths (4/4) D:15
    Zot (5/5) Depths:4      IceCv (visited)         Volcano (visited)
 WizLab (visited)

Altars:
Ashenzari
Cheibriados
Dithmenos
Elyvilon
Fedhas
Gozag
Hepliaklqana
Makhleb
Nemelex Xobeh
Okawaru
Qazlal
Ru
Trog
Uskayaw
Wu Jian
Xom
Yredelemnul
Zin
The Shining One
Beogh
Jiyva

Shops:
D:4 *   D:6 *   D:8 *   D:10 [(   D:12 (?[!   D:14 [   D:15 (   Orc:2 =(*[
Vaults:1 [(   Zot:5 *   Depths:2 *:[((   Depths:3 [

Portals:
Hell: Depths:1 Depths:2 Depths:3 Depths:4
Abyss: Depths:3
Pandemonium: Depths:2
Ziggurat: Depths:4

Annotations:
Elf:2 3 runed translucent doors
Vaults:3 1 transporter

#.# #...............# #.#
#.......#####.#####
#.########.....#### #......
#######......# ##.......#########
.............#######....#[.......
#######..#......####...#..#######
##.#.▓▓.###.......#.# #
#.#.▓▓.#...#....##.# #
#.#....#.@.#....##.# #
#.#....#...#.▓▓.##.# #
#.#......###.▓▓.#..# #
#.#...####......#### #####
#.....# #####....# #.... ###...#
#.# #....#####.### #...# #.#
#..........# #
###.###.#####.######.###
#.#.....###[# #....


There were no monsters in sight!


Message History

The blast of lightning engulfs the neqoxec!!!
You kill the neqoxec!
The blast of lightning engulfs your ball lightning.
The blast of lightning engulfs you. You resist.
Your ball lightning explodes!
The blast of lightning engulfs you! You resist.
What level of the Dungeon? (default 2, ? - help) HP restored.
There is a stone staircase leading up here.
A large abomination comes into view.
There is a stone staircase leading up here.
Unknown command.
You fly upwards.
There is a stone staircase leading down here.
There is a stone staircase leading up here.
You fly upwards.
There is a stone staircase leading down here.
Things that are here:
3 stones; a +0 club
Things that are here:
4 stones; a +0 dagger
There is an escape hatch in the floor here.
You see here a +0 robe.
Aiming: Dig
Press: ? - help, Shift-Dir - straight line, f - you Please select a direction to dig.
This square is covered in magical glow.
The rock shatters into small pieces.
There is a staircase leading out of the dungeon here.
You have escaped!

Skill      XL: |  1  2  3  4  5  6  7  8  9 10 11 12 13 14 15 16 17 18 19 20 21 22 23 24 25 26 27 |
---------------+----------------------------------------------------------------------------------+-----
Spellcasting   | 4 5 6 7 9 11 13 14 15 16 18 19 20 22 23 24 | 24.0
Conjurations   | 4 5 6 7 9 11 13 14 15 16 18 19 20 22 23 24 | 24.0
Hexes          | 4 5 6 7 9 11 13 14 15 16 18 19 20 22 23 24 | 24.0
Summonings     | 4 5 6 7 9 11 13 14 15 16 18 19 20 22 23 24 | 24.0
Necromancy     | 4 5 6 7 9 11 13 14 15 16 18 19 20 22 23 24 | 24.0
Translocations | 4 5 6 7 9 11 13 14 15 16 18 19 20 22 23 24 | 24.0
Fire Magic     | 4 5 6 7 9 11 13 14 15 16 18 19 20 22 23 24 | 24.0
Ice Magic      | 4 5 6 7 9 11 13 14 15 16 18 19 20 22 25 | 25.9
Air Magic      | 4 5 6 7 9 11 13 14 15 16 18 19 20 22 23 24 | 24.0
Earth Magic    | 4 5 6 7 9 11 13 14 15 16 18 19 20 22 23 24 | 24.0
Alchemy        | 4 5 6 7 9 11 13 14 15 16 18 19 20 22 23 24 | 24.0
Fighting       | 2 4 6 7 9 12 14 15 17 19 23 | 23.8
Dodging        | 4 7 8 9 18 | 18.5
Stealth        | 3 4 8 |  8.3
Armour         | 4 5 9 11 12 17 | 17.8
Evocations     | 4 5 |  5.8
Shields        | 1 2 3 6 |  6.3
Axes           | 4 6 10 14 | 14.4

Action                     |  1- 3 |  4- 6 |  7- 9 | 10-12 | 13-15 | 16-18 | 19-21 | 22-24 | 25-27 || total
---------------------------+-------+-------+-------+-------+-------+-------+-------+-------+-------++-------
  Melee: Unarmed           |     1 |     1 |       |       |       |       |       |       |       ||     2
         Morningstar       |       |     1 |       |       |       |       |       |       |       ||     1
         Dagger            |       |       |    10 |    46 |    33 |       |       |       |       ||    89
         Broad axe         |       |       |       |       |     4 |       |     2 |    61 |    65 ||   132
         Flail             |       |       |       |       |     1 |    56 |    22 |       |       ||    79
   Cast: Foxfire           |    66 |   100 |   169 |   158 |   265 |   243 |    24 |     3 |       ||  1028
         Scorch            |     3 |     8 |    24 |    30 |    30 |    41 |    12 |     7 |     1 ||   156
         Mephitic Cloud    |       |       |    21 |    71 |   115 |    21 |     3 |       |       ||   231
         Volatile Blastmot |       |       |     2 |       |     4 |     4 |       |       |       ||    10
         Ignite Poison     |       |       |    16 |    44 |    52 |     2 |       |       |       ||   114
         Flame Wave        |       |       |     4 |    19 |    36 |    41 |    13 |     3 |    10 ||   126
         Sting             |       |       |       |    11 |     1 |     1 |       |       |       ||    13
         Borgnjor's Vile C |       |       |       |    72 |   176 |    73 |    40 |    46 |    10 ||   417
         Yara's Violent Un |       |       |       |       |    79 |    41 |    43 |    74 |    53 ||   290
         Inner Flame       |       |       |       |       |    38 |     7 |     1 |       |       ||    46
         Monstrous Menager |       |       |       |       |       |   133 |   126 |    77 |       ||   336
         Dispersal         |       |       |       |       |       |     3 |    16 |    19 |    41 ||    79
         Conjure Ball Ligh |       |       |       |       |       |       |   152 |   143 |    62 ||   357
         Discord           |       |       |       |       |       |       |    42 |   170 |   136 ||   348
         Infestation       |       |       |       |       |       |       |       |     8 |       ||     8
         Maxwell's Capacit |       |       |       |       |       |       |       |       |   240 ||   240
         Dragon's Call     |       |       |       |       |       |       |       |       |    23 ||    23
 Invoke: Curse Item        |       |       |       |     6 |     5 |       |     3 |       |       ||    14
         Shatter the Chain |       |       |       |       |     2 |       |     3 |       |       ||     5
  Evoke: Wand              |       |       |     1 |     2 |    12 |       |       |     6 |     6 ||    27
    Use: Scroll            |       |     3 |     7 |     4 |     5 |     3 |    10 |     8 |    11 ||    51
         Potion            |       |       |       |     3 |       |     5 |     1 |     1 |    12 ||    22
   Stab: Confused          |       |       |     1 |     5 |     2 |     1 |       |       |       ||     9
         Distracted        |       |       |       |       |       |     3 |       |     4 |     3 ||    10
         Paralysed         |       |       |       |       |       |       |       |    15 |       ||    15
 Armour: Robe              |     3 |    12 |     9 |    13 |       |       |       |       |       ||    37
         Steam dragon scal |       |       |       |    37 |    66 |   156 |   163 |       |       ||   422
         Chain mail        |       |       |       |       |       |       |   164 |   360 |   532 ||  1056
  Dodge: Dodged            |     3 |     1 |    12 |    74 |    93 |   258 |   119 |    50 |   132 ||   742
  Block: Buckler           |       |       |       |       |     3 |    85 |    33 |    28 |    59 ||   208

Levels and vault maps discovered:
D:1:      amcnicky_arrival_double_pillar, layout_loops_ring
D:2:      layout_basic, guppyfry_early_orc_mine
D:3:      kennysheep_slugbush, layout_basic
D:4:      layout_rooms, pdpol_temple_overflow_zin_treasury_gozag_greed, tgw_sif,
          serial_shops, nicolae_take_the_stairs, grunt_ministairs_7,
          minmay_misc_feat_tower, serial_bayou_pond_c
D:5:      layout_rooms, kiku_gazebo_pond_becter, gammafunk_ghost_necromancy,
          uniq_eustachio
D:6:      minmay_razor_zed, layout_rooms,
          grunt_temple_overflow_lords_of_destruction,
          biasface_ghost_orc_armoury, serial_shops, shop_coins, uniq_edmund
D:7:      layout_gridville, xom_teletrap_fun, temple_green
D:8:      layout_basic, erik_lair_dragon, serial_shops, shop
D:9:      minmay_the_grid_triangle_9x9_rhombus_thin_mashed
          [minmay_the_grid_triangle_9x9_steps,
          minmay_the_grid_triangle_9x9_prize_top_heavy,
          minmay_the_grid_triangle_9x9_impossible_snake,
          minmay_the_grid_triangle_9x9_limited_checkers], layout_stronghold,
          dreamdust_gnoll_shepherd, uniq_harold
D:10:     layout_loops_ring, nicolae_elyvilon_temple_path,
          minmay_orc_entry_temple_small, serial_shops, nicolae_shop_crystal,
          nicolae_shop_tiny_glass, lemuel_flame_loot_1, uniq_joseph
D:11:     layout_long_grid, uniq_psyche, uniq_nergalle, uniq_maurice
D:12:     layout_basic, serial_shops, nicolae_shop_advertising_works
          [nicolae_subvault_shop_adworks], nicolae_shop_industrial_runoff, shop,
          nicolae_shop_tiny_statue_garden, portal_ice_cave_rime
D:13:     layout_basic, uniq_kirke
D:14:     layout_roguey [special_room_orc], hellmonk_vaults_order_and_chaos,
          serial_shops, shop, chequers_garden, uniq_azrael, uniq_roxanne
D:15:     hangedman_depths_entry_try_elsewhere_first, layout_basic,
          serial_shops, shop, wad_floor_pattern_untrapped
Temple:   zaba_magenta_temple
Lair:1:   layout_hall_layers, st_stairs_10, grunt_megastairs_2
Lair:2:   layout_regular_city, palyth_hydra_swamp_entry,
          spider_nest_entry_web_field, nicolae_volcano_entry_vermiform,
          grunt_megastairs_4
Lair:3:   layout_roguey
Lair:4:   layout_small_grid, nicolae_slime_entry_field_trip,
          grunt_forest_small_clearings, uniq_rupert
Lair:5:   hangedman_lair_tendril_chambers, layout_small_grid, wormcave,
          basic_altar
Swamp:1:  layout_basic_swamp, nicolae_swamp_godswood, infiniplex_staircase_pool,
          uniq_frances
Swamp:2:  layout_basic_swamp, gammafunk_ghost_wrathful_warriors,
          evilmike_swamp_ruin_house_2
Swamp:3:  layout_basic_swamp, hangedman_swamp_lotus, uniq_nikola, uniq_aizul,
          uniq_mara
Swamp:4:  swamp_old_school, layout_basic_swamp
Spider:1: layout_spider_delve, drop_trap
Spider:2: layout_spider_delve
Spider:3: layout_spider_delve, hellmonk_watch_for_rolling_rocks,
          hangedman_spider_tarantella_strand
Spider:4: grunt_spider_rune_circles
Orc:1:    layout_diamond_mine
Orc:2:    grunt_orc_cross, layout_caves, nicolae_orc_flooded_monolith,
          uniq_jorgrun
Elf:1:    minmay_coctagon, layout_gridlike, minmay_elf_sorcery
Elf:2:    nicolae_elf_blades_splatter_lattice
          [nicolae_blade_entry_hurt_lockers], layout_loops_cross, uniq_agnes
Elf:3:    elf_hall, layout_rooms
Vaults:1: v_rooms_1, ontoclasm_vaults_eye, vaults_room_fancy_cross, v_misc_12,
          nicolae_vaults_variable_pillar_hall, v_misc_8,
          nicolae_vaults_taking_the_gang_shopping, hangedman_vaults_capsules,
          v_misc_31, ontoclasm_vaults_twist, vaults_room_octagon, v_misc_19,
          layout_vaults_maze_bifur, serial_shops, nicolae_shop_waterfront
Vaults:2: nicolae_vaults_sightless_eye, nicolae_vaults_closet_pinwheel_4,
          vaults_room_grid, ontoclasm_vaults_spin, serial_ice_g,
          vaults_room_pools, nicolae_vaults_closet_pinwheel_4,
          ontoclasm_vaults_chip, layout_vaults_omnigrid, uniq_margery,
          uniq_frederick
Vaults:3: minmay_crypt_entry_necro_gods, v_misc_12, v_misc_4, v_misc_1,
          v_misc_1, v_alt_pattern_5, nicolae_vaults_tetromino_T_1,
          gammafunk_dig_for_victory, v_misc_3, layout_vaults_omnibox
Vaults:4: nicolae_vaults_layer_cake_slice, vaults_room_pool,
          ontoclasm_vaults_loading_screen, hangedman_vaults_cutoff,
          nicolae_vaults_asterisk, nooodl_orcs_dogs,
          vaults_room_grunt_arrival_ludios, v_rooms_4,
          ontoclasm_vaults_ligature, nicolae_vaults_little_squares_2,
          nicolae_vaults_hexular_roomagon, layout_vaults_ring, uniq_xtahua
Vaults:5
Crypt:1:  layout_misc_corridors, mu_enter_wizlab_4, grunt_crypt_arrival_webbed,
          uniq_bai_suzhen
Crypt:2:  layout_rooms, minivault_25, uniq_mennas
Crypt:3:  evilmike_haunted_forest, uniq_boris
Depths:1: layout_cave_shapes, chequers_serial_rivers_small_a, hell_entry,
          nicolae_yredelemnul_corpse_copse
Depths:2: minmay_outward_triangles, layout_cave_pools, nrook_mini_backslash,
          hell_entry, serial_shops, shop, pan_entry, nicolae_shop_fire_sale
          [nicolae_sub_dead_trees], hellmonk_scale_shop, minmay_shoptagon
Depths:3: minmay_broken_ring, layout_long_grid, abyss_entry_crystal,
          kennysheep_nondescript, serial_shops, nicolae_square_shop, hell_entry,
          minmay_misc_feat_alley, uniq_parghit
Depths:4: evilmike_zot_entry_basic, layout_long_grid, ziggurat_fallback,
          hangedman_abyss_or_decor_stagger, hellmouth_1, serial_shops,
          bzr_entry_safe
Zot:1:    cheibrodos_frozen_isle, layout_onion_interference
Zot:2:    layout_gridlike, zot_minivault_1
Zot:3:    layout_basic, nzn_random_ring
Zot:4:    layout_onion, grunt_ministairs_15, skrybe_zot_glass_2
Zot:5:    layout_basic, nicolae_transmutations_shop

Notes
Turn   | Place    | Note
-------+----------+-------------------------------------------
     0 | D:1      | Drazool the Djinni Fire Elementalist began the quest for
                  | the Orb.
     0 | D:1      | Drazool set off with the following spells memorised:
                  | Foxfire, Scorch, Volatile Blastmotes, Inner Flame, Flame
                  | Wave.
     0 | D:1      | Reached XP level 1. HP: 15/15 MP: 0/0
   184 | D:1      | Reached XP level 2. HP: 20/21 MP: 0/0
   682 | D:1      | Reached XP level 3. HP: 23/25 MP: 0/0
   682 | D:1      | Learned a level 1 spell: Sting
   930 | D:2      | Reached skill level 4 in Spellcasting
   930 | D:2      | Reached skill level 4 in Conjurations
   930 | D:2      | Reached skill level 4 in Hexes
   930 | D:2      | Reached skill level 4 in Summonings
   930 | D:2      | Reached skill level 4 in Necromancy
   930 | D:2      | Reached skill level 4 in Translocations
   930 | D:2      | Reached skill level 4 in Fire Magic
   930 | D:2      | Reached skill level 4 in Ice Magic
   930 | D:2      | Reached skill level 4 in Air Magic
   930 | D:2      | Reached skill level 4 in Earth Magic
   930 | D:2      | Reached skill level 4 in Alchemy
  1043 | D:2      | Reached XP level 4. HP: 29/31 MP: 0/0
  2503 | D:4      | Reached XP level 5. HP: 23/35 MP: 0/0
  2503 | D:4      | Learned a level 2 spell: Lesser Beckoning
  2612 | D:4      | Reached skill level 5 in Spellcasting
  2612 | D:4      | Reached skill level 5 in Conjurations
  2612 | D:4      | Reached skill level 5 in Hexes
  2612 | D:4      | Reached skill level 5 in Summonings
  2612 | D:4      | Reached skill level 5 in Necromancy
  2612 | D:4      | Reached skill level 5 in Translocations
  2612 | D:4      | Reached skill level 5 in Fire Magic
  2612 | D:4      | Reached skill level 5 in Ice Magic
  2612 | D:4      | Reached skill level 5 in Air Magic
  2612 | D:4      | Reached skill level 5 in Earth Magic
  2612 | D:4      | Reached skill level 5 in Alchemy
  2743 | D:4      | Reached XP level 6. HP: 37/40 MP: 0/0
  2848 | D:4      | HP: 4/40 [orc priest/divine providence (14)]
  2999 | D:4      | Reached skill level 6 in Spellcasting
  2999 | D:4      | Reached skill level 6 in Conjurations
  2999 | D:4      | Reached skill level 6 in Hexes
  2999 | D:4      | Reached skill level 6 in Summonings
  2999 | D:4      | Reached skill level 6 in Necromancy
  2999 | D:4      | Reached skill level 6 in Translocations
  2999 | D:4      | Reached skill level 6 in Fire Magic
  2999 | D:4      | Reached skill level 6 in Ice Magic
  2999 | D:4      | Reached skill level 6 in Air Magic
  2999 | D:4      | Reached skill level 6 in Earth Magic
  2999 | D:4      | Reached skill level 6 in Alchemy
  2999 | D:4      | Reached XP level 7. HP: 39/45 MP: 0/0
  2999 | D:4      | Learned a level 3 spell: Mephitic Cloud
  3094 | D:4      | Found an opulent altar of Gozag.
  3101 | D:4      | Found a glowing silver altar of Zin.
  3262 | D:4      | Found Kyebame's General Store.
  3509 | D:4      | Reached skill level 7 in Spellcasting
  3509 | D:4      | Reached skill level 7 in Conjurations
  3509 | D:4      | Reached skill level 7 in Hexes
  3509 | D:4      | Reached skill level 7 in Summonings
  3509 | D:4      | Reached skill level 7 in Necromancy
  3509 | D:4      | Reached skill level 7 in Translocations
  3509 | D:4      | Reached skill level 7 in Fire Magic
  3509 | D:4      | Reached skill level 7 in Ice Magic
  3509 | D:4      | Reached skill level 7 in Air Magic
  3509 | D:4      | Reached skill level 7 in Earth Magic
  3509 | D:4      | Reached skill level 7 in Alchemy
  3575 | D:4      | Reached skill level 2 in Fighting
  3575 | D:4      | Reached XP level 8. HP: 47/54 MP: 0/0
  3750 | D:5      | Entered Level 5 of the Dungeon
  3789 | D:5      | Noticed Eustachio
  3806 | D:5      | Killed Eustachio
  3807 | D:5      | Reached skill level 4 in Fighting
  3915 | D:5      | Reached skill level 3 in Dodging
  3925 | D:5      | Found a runed translucent gate.
  3925 | D:5      | Found a runed translucent gate.
  3925 | D:5      | Found a runed translucent gate.
  3926 | D:5      | Noticed Heh's ghost (amateur CoBe)
  4003 | D:5      | Reached skill level 4 in Dodging
  4217 | D:5      | Reached skill level 2 in Stealth
  4434 | D:5      | Reached skill level 3 in Stealth
  4648 | D:6      | Reached XP level 9. HP: 59/62 MP: 0/0
  4648 | D:6      | Learned a level 4 spell: Ignite Poison
  4682 | D:5      | Reached skill level 8 in Spellcasting
  4682 | D:5      | Reached skill level 8 in Conjurations
  4682 | D:5      | Reached skill level 8 in Hexes
  4682 | D:5      | Reached skill level 8 in Summonings
  4682 | D:5      | Reached skill level 8 in Necromancy
  4682 | D:5      | Reached skill level 8 in Translocations
  4682 | D:5      | Reached skill level 8 in Fire Magic
  4682 | D:5      | Reached skill level 8 in Ice Magic
  4682 | D:5      | Reached skill level 8 in Air Magic
  4682 | D:5      | Reached skill level 8 in Earth Magic
  4682 | D:5      | Reached skill level 8 in Alchemy
  4832 | D:6      | Found Biejubit's General Store.
  4849 | D:6      | Noticed Edmund
  4860 | D:6      | Killed Edmund
  5042 | D:6      | Bought a potion of resistance for 140 gold pieces
  5042 | D:6      | Bought a scroll of revelation for 105 gold pieces
  5226 | D:6      | Reached skill level 9 in Spellcasting
  5226 | D:6      | Reached skill level 9 in Conjurations
  5226 | D:6      | Reached skill level 9 in Hexes
  5226 | D:6      | Reached skill level 9 in Summonings
  5226 | D:6      | Reached skill level 9 in Necromancy
  5226 | D:6      | Reached skill level 9 in Translocations
  5226 | D:6      | Reached skill level 9 in Fire Magic
  5226 | D:6      | Reached skill level 9 in Ice Magic
  5226 | D:6      | Reached skill level 9 in Air Magic
  5226 | D:6      | Reached skill level 9 in Earth Magic
  5226 | D:6      | Reached skill level 9 in Alchemy
  5372 | D:6      | Reached skill level 5 in Fighting
  5760 | D:6      | Reached skill level 6 in Fighting
  5760 | D:6      | Reached XP level 10. HP: 57/72 MP: 0/0
  5831 | D:6      | Found a runed translucent gate.
  5832 | D:6      | Found a runed translucent gate.
  5832 | D:6      | Noticed Biggs's ghost (amateur TrFi)
  5833 | D:6      | Found a runed translucent gate.
  5866 | D:6      | Found a burning altar of Makhleb.
  6008 | D:6      | Found a roughly hewn altar of Beogh.
  6400 | D:7      | Reached skill level 7 in Fighting
  6400 | D:7      | Reached skill level 1 in Armour
  6459 | D:7      | Found a shimmering altar of Xom.
  6471 | D:7      | Reached skill level 2 in Armour
  6663 | D:7      | Found a staircase to the Ecumenical Temple.
  6670 | Temple   | Entered the Ecumenical Temple
  6687 | Temple   | Became a worshipper of Ashenzari the Shackled
  7060 | D:7      | Reached skill level 3 in Armour
  7147 | D:8      | Reached skill level 4 in Armour
  7147 | D:8      | Reached skill level 1 in Evocations
  7245 | D:8      | Found Sapadasoe's General Store.
  7253 | D:8      | Bought a potion of curing for 30 gold pieces
  7300 | D:8      | Reached skill level 2 in Evocations
  7359 | D:8      | Reached skill level 3 in Evocations
  7394 | D:8      | Noticed a komodo dragon
  7402 | D:8      | Killed a komodo dragon
  7403 | D:8      | Reached skill level 4 in Evocations
  7984 | D:8      | Found a staircase to the Lair.
  8377 | D:9      | Noticed Harold
  8395 | D:9      | Killed Harold
  8536 | D:9      | Reached XP level 11. HP: 77/79 MP: 0/0
  8536 | D:9      | Learned a level 5 spell: Borgnjor's Vile Clutch
  8581 | D:9      | Reached skill level 10 in Spellcasting
  8581 | D:9      | Reached skill level 10 in Conjurations
  8581 | D:9      | Reached skill level 10 in Hexes
  8581 | D:9      | Reached skill level 10 in Summonings
  8581 | D:9      | Reached skill level 10 in Necromancy
  8581 | D:9      | Reached skill level 10 in Translocations
  8581 | D:9      | Reached skill level 10 in Fire Magic
  8581 | D:9      | Reached skill level 10 in Ice Magic
  8581 | D:9      | Reached skill level 10 in Air Magic
  8581 | D:9      | Reached skill level 10 in Earth Magic
  8581 | D:9      | Reached skill level 10 in Alchemy
  8951 | D:9      | Reached * piety under Ashenzari
  9105 | D:9      | Noticed a white ugly thing
  9113 | D:9      | Killed a white ugly thing
  9259 | D:9      | Reached skill level 11 in Spellcasting
  9259 | D:9      | Reached skill level 11 in Conjurations
  9259 | D:9      | Reached skill level 11 in Hexes
  9259 | D:9      | Reached skill level 11 in Summonings
  9259 | D:9      | Reached skill level 11 in Necromancy
  9259 | D:9      | Reached skill level 11 in Translocations
  9259 | D:9      | Reached skill level 11 in Fire Magic
  9259 | D:9      | Reached skill level 11 in Ice Magic
  9259 | D:9      | Reached skill level 11 in Air Magic
  9259 | D:9      | Reached skill level 11 in Earth Magic
  9259 | D:9      | Reached skill level 11 in Alchemy
  9338 | D:9      | Noticed a centaur warrior
  9346 | D:9      | Killed a centaur warrior
  9466 | D:9      | Identified the +10 flail of Growth {vamp, rElec rPois rF-
                  | SInv}
  9466 | D:9      | Identified the +0 ring mail of Violets {Will+ Regen+ Str+2
                  | Dex-4}
  9466 | D:9      | Noticed a rakshasa
  9496 | D:9      | Killed a rakshasa
  9497 | D:9      | Reached skill level 8 in Fighting
  9887 | D:9      | Noticed a cyclops
 10119 | D:9      | Noticed a two-headed ogre
 10130 | D:9      | Killed a two-headed ogre
 10505 | D:9      | Reached skill level 9 in Fighting
 10528 | D:9      | Noticed a cyclops
 10541 | D:9      | Killed a cyclops
 10748 | D:10     | Entered Level 10 of the Dungeon
 10971 | D:10     | Found a staircase to the Orcish Mines.
 10973 | D:10     | Found a roughly hewn altar of Beogh.
 10994 | D:10     | Identified the ring of Towygg {rN+ Will+ Str+3 Slay-2}
 11050 | D:10     | Found Utsyr's Antique Armour Shoppe.
 11237 | D:4      | Bought a +1 helmet of intelligence for 231 gold pieces
 11399 | D:10     | Reached ** piety under Ashenzari
 11445 | D:10     | Identified the +1 scale mail "Deanwopi" {rElec Dex+6}
 11463 | D:10     | Identified the +11 flail of Virtue {flame, rPois}
 11545 | D:10     | Found Diugh's Weapon Shop.
 11612 | D:10     | Identified the +1 hand axe of the Eleven Geomancers {drain,
                  | Str+2}
 11675 | D:10     | Noticed Joseph
 11684 | D:10     | Killed Joseph
 11685 | D:10     | Reached XP level 12. HP: 68/89 MP: 0/0
 12034 | D:10     | Found a white marble altar of Elyvilon.
 12395 | Lair:1   | Entered Level 1 of the Lair of Beasts
 12433 | Lair:1   | Reached skill level 12 in Spellcasting
 12433 | Lair:1   | Reached skill level 12 in Conjurations
 12433 | Lair:1   | Reached skill level 12 in Hexes
 12433 | Lair:1   | Reached skill level 12 in Summonings
 12433 | Lair:1   | Reached skill level 12 in Necromancy
 12433 | Lair:1   | Reached skill level 12 in Translocations
 12433 | Lair:1   | Reached skill level 12 in Fire Magic
 12433 | Lair:1   | Reached skill level 12 in Ice Magic
 12433 | Lair:1   | Reached skill level 12 in Air Magic
 12433 | Lair:1   | Reached skill level 12 in Earth Magic
 12433 | Lair:1   | Reached skill level 12 in Alchemy
 12681 | Lair:1   | Reached *** piety under Ashenzari
 13240 | Lair:1   | Reached skill level 13 in Spellcasting
 13240 | Lair:1   | Reached skill level 13 in Conjurations
 13240 | Lair:1   | Reached skill level 13 in Hexes
 13240 | Lair:1   | Reached skill level 13 in Summonings
 13240 | Lair:1   | Reached skill level 13 in Necromancy
 13240 | Lair:1   | Reached skill level 13 in Translocations
 13240 | Lair:1   | Reached skill level 13 in Fire Magic
 13240 | Lair:1   | Reached skill level 13 in Ice Magic
 13240 | Lair:1   | Reached skill level 13 in Air Magic
 13240 | Lair:1   | Reached skill level 13 in Earth Magic
 13240 | Lair:1   | Reached skill level 13 in Alchemy
 13372 | Lair:1   | Reached skill level 5 in Dodging
 13651 | Lair:1   | Reached skill level 6 in Dodging
 13814 | Lair:1   | Reached **** piety under Ashenzari
 14017 | Lair:2   | Noticed an eight-headed hydra
 14020 | Lair:2   | Reached skill level 7 in Dodging
 14033 | Lair:2   | Noticed a skyshark
 14080 | Lair:2   | Killed a skyshark
 14081 | Lair:2   | Reached skill level 5 in Armour
 14081 | Lair:2   | Reached XP level 13. HP: 54/94 MP: 0/0
 14081 | Lair:2   | Learned a level 5 spell: Yara's Violent Unravelling
 14244 | Lair:2   | Reached skill level 4 in Stealth
 14322 | Lair:2   | Found a dark tunnel.
 14376 | Volcano  | Entered a volcano
 14581 | Volcano  | Reached skill level 14 in Spellcasting
 14581 | Volcano  | Reached skill level 14 in Conjurations
 14581 | Volcano  | Reached skill level 14 in Hexes
 14581 | Volcano  | Reached skill level 14 in Summonings
 14581 | Volcano  | Reached skill level 14 in Necromancy
 14581 | Volcano  | Reached skill level 14 in Translocations
 14581 | Volcano  | Reached skill level 14 in Fire Magic
 14581 | Volcano  | Reached skill level 14 in Ice Magic
 14581 | Volcano  | Reached skill level 14 in Air Magic
 14581 | Volcano  | Reached skill level 14 in Earth Magic
 14581 | Volcano  | Reached skill level 14 in Alchemy
 14633 | Volcano  | Identified the +1 helmet of Shadows and Fog {-Tele rPois
                  | Will+ Dex+5}
 14760 | Lair:2   | Found a hole to the Spider Nest.
 15003 | Lair:2   | Reached ***** piety under Ashenzari
 15474 | Lair:2   | Killed an eight-headed hydra
 15551 | Lair:2   | Noticed a seven-headed hydra
 15561 | Lair:2   | Killed a seven-headed hydra
 16264 | D:4      | Bought an amulet of regeneration for 420 gold pieces
 16494 | Lair:2   | Found a staircase to the Swamp.
 16893 | Lair:3   | Reached XP level 14. HP: 103/105 MP: 0/0
 16970 | Lair:3   | Reached skill level 15 in Spellcasting
 16970 | Lair:3   | Reached skill level 15 in Conjurations
 16970 | Lair:3   | Reached skill level 15 in Hexes
 16970 | Lair:3   | Reached skill level 15 in Summonings
 16970 | Lair:3   | Reached skill level 15 in Necromancy
 16970 | Lair:3   | Reached skill level 15 in Translocations
 16970 | Lair:3   | Reached skill level 15 in Fire Magic
 16970 | Lair:3   | Reached skill level 15 in Ice Magic
 16970 | Lair:3   | Reached skill level 15 in Air Magic
 16970 | Lair:3   | Reached skill level 15 in Earth Magic
 16970 | Lair:3   | Reached skill level 15 in Alchemy
 17211 | Lair:3   | Reached skill level 10 in Fighting
 17735 | Lair:4   | Identified the +1 robe of Repulsion {Will++ Regen+}
 17914 | Lair:4   | Found a staircase to the Slime Pits.
 17943 | Lair:4   | Found a viscous altar of Jiyva.
 18368 | Lair:4   | Noticed Rupert
 18383 | Lair:4   | Paralysed by Rupert for 3 turns
 18384 | Lair:4   | Killed Rupert
 18385 | Lair:4   | Reached skill level 11 in Fighting
 18920 | Lair:5   | Entered Level 5 of the Lair of Beasts
 18920 | Lair:5   | Found an opulent altar of Gozag.
 19058 | Lair:5   | Reached skill level 12 in Fighting
 19766 | Lair:5   | Reached XP level 15. HP: 109/120 MP: 0/0
 19766 | Lair:5   | Learned a level 6 spell: Dispersal
 19771 | Lair:5   | Reached skill level 6 in Armour
 19976 | Lair:5   | Reached skill level 7 in Armour
 20377 | Lair:5   | Reached skill level 8 in Armour
 20523 | Lair:5   | Identified the +3 kite shield "Ypotum" {Rampage rC+ SInv}
 20546 | Lair:5   | Reached skill level 9 in Armour
 21357 | Lair:5   | Reached ****** piety under Ashenzari
 21717 | D:11     | Reached skill level 1 in Shields
 21764 | D:11     | Reached skill level 5 in Evocations
 21764 | D:11     | Noticed Maurice
 21766 | D:11     | Killed Maurice
 21862 | D:11     | Noticed Psyche
 21870 | D:11     | Killed Psyche
 21891 | D:11     | Noticed Nergalle
 21897 | D:11     | Killed Nergalle
 22206 | D:12     | Reached skill level 8 in Dodging
 22245 | D:12     | Found a frozen archway.
 22252 | IceCv    | Entered an ice cave
 22690 | D:12     | Reached skill level 1 in Axes
 22751 | D:12     | Found Imoc's Distillery.
 22778 | D:12     | Bought a potion of heal wounds for 80 gold pieces
 22778 | D:12     | Bought a potion of invisibility for 128 gold pieces
 22778 | D:12     | Bought a potion of ambrosia for 128 gold pieces
 22835 | D:12     | Reached skill level 2 in Axes
 22855 | D:12     | Found Gikott's Antique Weapon Shop.
 22949 | D:12     | Found Emyijuly's Antique Armour Shoppe.
 22975 | D:12     | Found Kumnetwe's Magic Scroll Boutique.
 23423 | Orc:1    | Entered Level 1 of the Orcish Mines
 23483 | Orc:1    | Reached skill level 3 in Axes
 23725 | Orc:2    | Entered Level 2 of the Orcish Mines
 23973 | Orc:2    | Found a staircase to the Elven Halls.
 24047 | Orc:2    | Reached skill level 4 in Axes
 24392 | Orc:2    | Noticed Urug
 24397 | Orc:2    | Reached XP level 16. HP: 118/126 MP: 0/0
 24400 | Orc:2    | Killed Urug
 24488 | Orc:2    | Reached skill level 5 in Axes
 24574 | Orc:2    | Noticed Jorgrun
 24616 | Orc:2    | Killed Jorgrun
 24792 | Orc:2    | Found a roughly hewn altar of Beogh.
 24800 | Orc:2    | Noticed Blork the orc
 24804 | Orc:2    | Killed Blork the orc
 24836 | Orc:2    | Reached skill level 6 in Axes
 24861 | Orc:2    | Found Qadd's Jewellery Shop.
 24887 | Orc:2    | Found Ofrineusu's General Store.
 24903 | Orc:2    | Found Leutamuf's Antique Armour Shop.
 25089 | Orc:2    | Found Entalim's Antique Weapon Shop.
 25232 | D:13     | Noticed Kirke
 25232 | D:13     | Identified a potion of experience
 25242 | D:12     | Killed Kirke
 25566 | D:13     | Reached skill level 14 in Fighting
 25566 | D:13     | Reached XP level 17. HP: 134/134 MP: 0/0
 25566 | D:13     | Learned a level 7 spell: Monstrous Menagerie
 25723 | D:13     | Found the +7 lajatang of Order {silver, rMut}
 26191 | D:14     | Found Ylidul's Antique Armour Boutique.
 26204 | D:14     | Found a gate to the Vaults.
 26462 | D:14     | Reached skill level 2 in Shields
 26490 | D:14     | Found a roughly hewn altar of Beogh.
 26531 | D:14     | Noticed Azrael
 26562 | D:14     | Killed Azrael
 26819 | D:14     | Noticed Roxanne
 27026 | D:14     | Killed Roxanne
 27067 | D:15     | Entered Level 15 of the Dungeon
 27118 | D:15     | Reached skill level 16 in Spellcasting
 27118 | D:15     | Reached skill level 16 in Conjurations
 27118 | D:15     | Reached skill level 16 in Hexes
 27118 | D:15     | Reached skill level 16 in Summonings
 27118 | D:15     | Reached skill level 16 in Necromancy
 27118 | D:15     | Reached skill level 16 in Translocations
 27118 | D:15     | Reached skill level 16 in Fire Magic
 27118 | D:15     | Reached skill level 16 in Ice Magic
 27118 | D:15     | Reached skill level 16 in Air Magic
 27118 | D:15     | Reached skill level 16 in Earth Magic
 27118 | D:15     | Reached skill level 16 in Alchemy
 27361 | D:15     | Found Dosm's Antique Weapon Shoppe.
 27509 | D:15     | Found a staircase to the Depths.
 27560 | D:15     | Upgraded the game from 0.32-a0-938-g40ac7a0f4d to
                  | 0.32-a0-953-g508020473e
 27805 | Spider:1 | Entered Level 1 of the Spider Nest
 28034 | Spider:1 | Reached XP level 18. HP: 136/142 MP: 0/0
 28646 | Spider:2 | Reached skill level 17 in Spellcasting
 28646 | Spider:2 | Reached skill level 17 in Conjurations
 28646 | Spider:2 | Reached skill level 17 in Hexes
 28646 | Spider:2 | Reached skill level 17 in Summonings
 28646 | Spider:2 | Reached skill level 17 in Necromancy
 28646 | Spider:2 | Reached skill level 17 in Translocations
 28646 | Spider:2 | Reached skill level 17 in Fire Magic
 28646 | Spider:2 | Reached skill level 17 in Ice Magic
 28646 | Spider:2 | Reached skill level 17 in Air Magic
 28646 | Spider:2 | Reached skill level 17 in Earth Magic
 28646 | Spider:2 | Reached skill level 17 in Alchemy
 29911 | Spider:3 | Reached skill level 15 in Fighting
 30079 | Spider:4 | Entered Level 4 of the Spider Nest
 30311 | Spider:3 | Reached skill level 9 in Dodging
 30666 | Spider:4 | Reached skill level 18 in Spellcasting
 30666 | Spider:4 | Reached skill level 18 in Conjurations
 30666 | Spider:4 | Reached skill level 18 in Hexes
 30666 | Spider:4 | Reached skill level 18 in Summonings
 30666 | Spider:4 | Reached skill level 18 in Necromancy
 30666 | Spider:4 | Reached skill level 18 in Translocations
 30666 | Spider:4 | Reached skill level 18 in Fire Magic
 30666 | Spider:4 | Reached skill level 18 in Ice Magic
 30666 | Spider:4 | Reached skill level 18 in Air Magic
 30666 | Spider:4 | Reached skill level 18 in Earth Magic
 30666 | Spider:4 | Reached skill level 18 in Alchemy
 30674 | Spider:4 | Reached XP level 19. HP: 141/150 MP: 0/0
 30674 | Spider:4 | Learned a level 6 spell: Conjure Ball Lightning
 31504 | Spider:4 | Got a gossamer rune of Zot
 31676 | Swamp:1  | Entered Level 1 of the Swamp
 31676 | Swamp:1  | Noticed Frances
 31684 | Swamp:1  | Killed Frances
 31874 | Swamp:1  | Identified the +0 chain mail of the Skies Above {rElec rF+
                  | rC+ Dex-4}
 32152 | Swamp:1  | Reached skill level 10 in Armour
 32688 | Swamp:1  | Found an ornate altar of the Wu Jian Council.
 32923 | Swamp:2  | Noticed swap's ghost (journeyman GrEE)
 32934 | Swamp:2  | Found a bloodstained altar of Trog.
 32946 | Swamp:2  | Found a transporter.
 32955 | Swamp:2  | Found a transporter.
 33295 | Swamp:2  | Reached skill level 11 in Armour
 33627 | Orc:2    | Bought the ring of Music {rElec rC+ Str+4 Stlth+} for 602
                  | gold pieces
 34278 | Swamp:2  | HP: 10/149 [ghost crab] (7)]
 34572 | Swamp:3  | Noticed Nikola
 34680 | Swamp:3  | Identified the serpent talisman of Indomitability {rElec
                  | Dex+3 SInv}
 34680 | Swamp:3  | Noticed Aizul
 34691 | Swamp:2  | Killed Nikola
 34847 | Swamp:3  | Killed Aizul
 34932 | Swamp:3  | Noticed Mara
 34944 | Swamp:3  | Killed Mara
 34945 | Swamp:3  | Reached skill level 19 in Spellcasting
 34945 | Swamp:3  | Reached skill level 19 in Conjurations
 34945 | Swamp:3  | Reached skill level 19 in Hexes
 34945 | Swamp:3  | Reached skill level 19 in Summonings
 34945 | Swamp:3  | Reached skill level 19 in Necromancy
 34945 | Swamp:3  | Reached skill level 19 in Translocations
 34945 | Swamp:3  | Reached skill level 19 in Fire Magic
 34945 | Swamp:3  | Reached skill level 19 in Ice Magic
 34945 | Swamp:3  | Reached skill level 19 in Air Magic
 34945 | Swamp:3  | Reached skill level 19 in Earth Magic
 34945 | Swamp:3  | Reached skill level 19 in Alchemy
 35129 | Swamp:3  | Reached XP level 20. HP: 148/157 MP: 0/0
 35498 | Swamp:4  | Entered Level 4 of the Swamp
 35503 | Swamp:4  | Reached skill level 12 in Armour
 35729 | Swamp:4  | Reached skill level 16 in Fighting
 36078 | Swamp:4  | Noticed the 27-headed Lernaean hydra
 36085 | Swamp:4  | Killed the 27-headed Lernaean hydra
 36136 | Swamp:4  | Identified the +6 chain mail of Dawn {rPois Regen+}
 36210 | Swamp:4  | Got a decaying rune of Zot
 36858 | D:10     | Bought a pitted chain mail for 218 gold pieces
 36858 | D:10     | Identified the +0 chain mail of Roleib {rElec rF- rC+ rN+
                  | Dex+3} (You bought it in a shop on level 10 of the Dungeon)
 37498 | Elf:1    | Entered Level 1 of the Elven Halls
 37559 | Elf:1    | Noticed a shard shrike
 37718 | Vaults:1 | Entered Level 1 of the Vaults
 38101 | Vaults:1 | Found Luujaemp's Antique Armour Shoppe.
 38235 | Vaults:1 | Reached skill level 20 in Spellcasting
 38235 | Vaults:1 | Reached skill level 20 in Conjurations
 38235 | Vaults:1 | Reached skill level 20 in Hexes
 38235 | Vaults:1 | Reached skill level 20 in Summonings
 38235 | Vaults:1 | Reached skill level 20 in Necromancy
 38235 | Vaults:1 | Reached skill level 20 in Translocations
 38235 | Vaults:1 | Reached skill level 20 in Fire Magic
 38235 | Vaults:1 | Reached skill level 20 in Ice Magic
 38235 | Vaults:1 | Reached skill level 20 in Air Magic
 38235 | Vaults:1 | Reached skill level 20 in Earth Magic
 38235 | Vaults:1 | Reached skill level 20 in Alchemy
 38401 | Vaults:1 | Reached skill level 17 in Fighting
 38401 | Vaults:1 | Reached XP level 21. HP: 138/166 MP: 0/0
 38401 | Vaults:1 | Learned a level 8 spell: Discord
 38732 | Vaults:1 | Reached skill level 7 in Axes
 38936 | Vaults:1 | Found Waviun's Weapon Shoppe.
 39581 | Vaults:2 | Noticed Margery
 39608 | Vaults:2 | Killed Margery
 39609 | Vaults:2 | Reached skill level 3 in Shields
 39816 | Vaults:2 | Reached skill level 8 in Axes
 40170 | Vaults:2 | Identified the orb of Odetec {light, Str+4 Air}
 40170 | Vaults:2 | Noticed Frederick
 40183 | Vaults:2 | Killed Frederick
 40323 | Vaults:2 | Reached skill level 9 in Axes
 40575 | Vaults:2 | Reached skill level 10 in Axes
 41298 | Vaults:3 | Reached XP level 22. HP: 129/176 MP: 0/0
 41303 | Vaults:3 | Reached skill level 11 in Axes
 41570 | Vaults:3 | Identified the ring of Sif Muna, Riding {+Blink rC+ Int+3
                  | Dex+6}
 41794 | Vaults:3 | Found a staircase to the Crypt.
 41794 | Vaults:3 | Found a basalt altar of Yredelemnul.
 41829 | Vaults:3 | Reached skill level 12 in Axes
 41925 | Vaults:3 | Found a transporter.
 41927 | Vaults:3 | Identified the ring "Etochu" {rElec rN+ Int-2 Slay+4
                  | Stlth+}
 41927 | Vaults:3 | Identified the amulet "Qifoosm" {Spirit rC++ rCorr Str-4}
 41965 | Vaults:3 | Found a transporter.
 42832 | Vaults:4 | Noticed Xtahua
 42966 | Vaults:4 | Killed Xtahua
 42967 | Vaults:4 | Reached skill level 13 in Axes
 43673 | Vaults:4 | Reached skill level 14 in Axes
 43916 | Depths:1 | Entered Level 1 of the Depths
 43974 | Depths:1 | Found a gateway to Hell.
 44218 | Depths:1 | Found a basalt altar of Yredelemnul.
 44240 | Depths:1 | Reached XP level 23. HP: 164/182 MP: 0/0
 44240 | Depths:1 | Learned a level 8 spell: Infestation
 44597 | Depths:1 | Identified the Anthology of Astrapomancy
 44946 | Depths:2 | Found Aloudios's Antique Weapon Boutique.
 44961 | Depths:2 | Reached skill level 21 in Spellcasting
 44961 | Depths:2 | Reached skill level 21 in Conjurations
 44961 | Depths:2 | Reached skill level 21 in Hexes
 44961 | Depths:2 | Reached skill level 21 in Summonings
 44961 | Depths:2 | Reached skill level 21 in Necromancy
 44961 | Depths:2 | Reached skill level 21 in Translocations
 44961 | Depths:2 | Reached skill level 21 in Fire Magic
 44961 | Depths:2 | Reached skill level 21 in Ice Magic
 44961 | Depths:2 | Reached skill level 21 in Air Magic
 44961 | Depths:2 | Reached skill level 21 in Earth Magic
 44961 | Depths:2 | Reached skill level 21 in Alchemy
 45001 | Depths:2 | Noticed a caustic shrike
 45003 | Depths:2 | Noticed a caustic shrike
 45005 | Depths:2 | Noticed a caustic shrike
 45005 | Depths:2 | Killed a caustic shrike
 45065 | Depths:2 | Found Xailorra's Book Shoppe.
 45196 | Depths:2 | Killed a caustic shrike
 45228 | Depths:2 | Killed a caustic shrike
 45404 | Depths:2 | Found a one-way gate leading to the halls of Pandemonium.
 45421 | Depths:2 | Found Sunir's Superior Scales.
 45452 | Depths:2 | Found Xehafaru's Weapon Shop.
 45495 | Depths:2 | Noticed a caustic shrike
 45503 | Depths:2 | Killed a caustic shrike
 45612 | Depths:2 | Identified the ring "Agingunu" {rPois rC+ MP+9 Int+3}
 45613 | Depths:2 | Found Feyt's Fire Supplies.
 46056 | Depths:3 | Found a one-way gate to the infinite horrors of the Abyss.
 46116 | Depths:3 | Noticed Parghit
 46454 | D:5      | Killed Heh's ghost
 46537 | D:6      | Killed Biggs's ghost
 46813 | Swamp:2  | Killed swap's ghost
 47407 | Elf:1    | Found the +8 frozen axe "Frostbite" {freeze, freezing
                  | cloud, *Noise Fly rC+}
 47541 | Elf:1    | Reached skill level 22 in Ice Magic
 47556 | Elf:1    | Killed a shard shrike
 47714 | Elf:1    | Reached skill level 22 in Spellcasting
 47714 | Elf:1    | Reached skill level 22 in Conjurations
 47714 | Elf:1    | Reached skill level 22 in Hexes
 47714 | Elf:1    | Reached skill level 22 in Summonings
 47714 | Elf:1    | Reached skill level 22 in Necromancy
 47714 | Elf:1    | Reached skill level 22 in Translocations
 47714 | Elf:1    | Reached skill level 22 in Fire Magic
 47714 | Elf:1    | Reached skill level 22 in Air Magic
 47714 | Elf:1    | Reached skill level 22 in Earth Magic
 47714 | Elf:1    | Reached skill level 22 in Alchemy
 47723 | Elf:1    | Reached XP level 24. HP: 185/188 MP: 0/0
 48260 | Elf:1    | Identified Sif Muna's Folio of Mutual Power
 48644 | Elf:2    | Reached skill level 23 in Ice Magic
 48734 | Elf:2    | Noticed Agnes
 48737 | Elf:2    | Killed Agnes
 48780 | Elf:2    | Found a runed translucent gate.
 48780 | Elf:2    | Found a runed translucent gate.
 48780 | Elf:2    | Found a runed translucent gate.
 49093 | Elf:3    | Entered Level 3 of the Elven Halls
 49132 | Elf:3    | Paralysed by an air elemental for 1 turns
 49476 | Elf:3    | Paralysed by an air elemental for 1 turns
 49694 | Elf:3    | Identified the ring "Adierghu" {Int+4 Dex+6}
 49820 | Elf:3    | Reached skill level 24 in Ice Magic
 49838 | Elf:3    | Reached skill level 23 in Spellcasting
 49838 | Elf:3    | Reached skill level 23 in Conjurations
 49838 | Elf:3    | Reached skill level 23 in Hexes
 49838 | Elf:3    | Reached skill level 23 in Summonings
 49838 | Elf:3    | Reached skill level 23 in Necromancy
 49838 | Elf:3    | Reached skill level 23 in Translocations
 49838 | Elf:3    | Reached skill level 23 in Fire Magic
 49838 | Elf:3    | Reached skill level 23 in Air Magic
 49838 | Elf:3    | Reached skill level 23 in Earth Magic
 49838 | Elf:3    | Reached skill level 23 in Alchemy
 49945 | Elf:3    | Identified the +4 morningstar of Disarray {holy, Int+3
                  | Stlth+}
 49945 | Elf:3    | Identified the ring of Lovvea Peha {Wiz Int+3 Dex+2}
 50104 | Elf:3    | Identified the ring of Bakygyoq {Wiz Dex+2 Slay+2}
 50161 | Elf:3    | Identified the Guide on Ashen Enchantment
 50581 | Crypt:1  | Entered Level 1 of the Crypt
 50702 | Crypt:1  | Found a magical portal.
 50725 | WizLab   | Entered Doroklohe's Tomb
 51353 | Crypt:1  | Noticed Bai Suzhen
 51374 | Crypt:1  | Killed Bai Suzhen
 51658 | Crypt:1  | Identified the +0 robe of Virtue {Regen+ Stlth+}
 51790 | Crypt:2  | Noticed Mennas
 51967 | Crypt:1  | Upgraded the game from 0.32-a0-953-g508020473e to
                  | 0.32-a0-960-g3814254bd7
 52251 | Depths:4 | Entered Level 4 of the Depths
 52251 | Depths:4 | Noticed a juggernaut
 52320 | Depths:4 | Found a one-way gateway to a ziggurat.
 52325 | Depths:3 | Found Daixarih's Armour Shop.
 52379 | Depths:4 | Reached skill level 25 in Ice Magic
 52382 | Depths:4 | Killed a juggernaut
 52392 | Depths:4 | Found a flickering gateway to a bazaar.
 52406 | Bazaar   | Entered a bazaar
 52406 | Bazaar   | Found Fasmin's Book Shoppe.
 52406 | Bazaar   | Found Ruejir's Assorted Antiques.
 52444 | Bazaar   | Found Zupseu's Distillery.
 52460 | Bazaar   | Found Dakauli's General Store.
 52468 | Bazaar   | Bought a scroll of teleportation for 27 gold pieces
 52482 | Bazaar   | Bought a potion of heal wounds for 45 gold pieces
 52482 | Bazaar   | Bought a potion of heal wounds for 45 gold pieces
 52482 | Bazaar   | Bought a potion of enlightenment for 45 gold pieces
 52482 | Bazaar   | Bought a potion of cancellation for 72 gold pieces
 52601 | Depths:4 | Reached XP level 25. HP: 182/194 MP: 0/0
 52601 | Depths:4 | Learned a level 8 spell: Maxwell's Capacitive Coupling
 52758 | Depths:4 | Found a gate to the Realm of Zot.
 53027 | Depths:4 | Reached skill level 24 in Spellcasting
 53027 | Depths:4 | Reached skill level 24 in Conjurations
 53027 | Depths:4 | Reached skill level 24 in Hexes
 53027 | Depths:4 | Reached skill level 24 in Summonings
 53027 | Depths:4 | Reached skill level 24 in Necromancy
 53027 | Depths:4 | Reached skill level 24 in Translocations
 53027 | Depths:4 | Reached skill level 24 in Fire Magic
 53027 | Depths:4 | Reached skill level 24 in Air Magic
 53027 | Depths:4 | Reached skill level 24 in Earth Magic
 53027 | Depths:4 | Reached skill level 24 in Alchemy
 53647 | Depths:3 | Killed Parghit
 54022 | Depths:3 | Identified the amulet of Foytyprosu {Reflect rF++ rC+ rCorr
                  | Int-4 SH+5}
 54483 | Vaults:5 | Entered Level 5 of the Vaults
 54488 | Vaults:5 | Reached skill level 18 in Fighting
 54595 | Vaults:5 | Reached skill level 19 in Fighting
 54813 | Vaults:5 | Identified the ring of Zuulof {*Corrode rElec MP+9 Dex+3
                  | SInv} (You took it off a yaktaur on level 5 of the Vaults)
 54825 | Vaults:5 | Found the macabre finger necklace {Finger+ rN+}
 54926 | Vaults:5 | Identified the +7 trident "Xelonaehe" {flame, rCorr Int-2
                  | Dex+7 SInv} (You took it off a yaktaur on level 5 of the
                  | Vaults)
 55097 | Vaults:5 | Reached XP level 26. HP: 210/210 MP: 0/0
 55107 | Vaults:5 | Reached skill level 20 in Fighting
 55319 | Vaults:5 | Identified the +0 short sword "Wihem" {flame, rCorr Int+5}
 55362 | Vaults:5 | Identified the +4 great sword "Pejiux" {heavy, Will+ rCorr}
 55580 | Vaults:5 | Noticed a dread lich
 55590 | Vaults:5 | Killed a dread lich
 55661 | Vaults:5 | Reached skill level 21 in Fighting
 55668 | Vaults:5 | Identified the +8 glaive "Arcanum" {venom, Will- Int+9
                  | Stlth+}
 55743 | Vaults:5 | Identified the +8 flail of Gallantry {antimagic, rElec rF-
                  | Dex-5 Stlth+} (You took it off a deep elf high priest on
                  | level 5 of the Vaults)
 55745 | Vaults:5 | Identified the +6 war axe of Destiny {pain, rF+ rC- Str+5}
                  | (You took it off an ironbound convoker on level 5 of the
                  | Vaults)
 55745 | Vaults:5 | Found the ring of the Tortoise {AC+8}
 55768 | Vaults:5 | Paralysed by a Zot trap for 2 turns
 56092 | Vaults:5 | Identified the +2 plate armour "Soas Lara" {Fly Int-5 Dex+4
                  | Slay-6} (You took it off a hell knight on level 5 of the
                  | Vaults)
 56127 | Vaults:5 | Got a silver rune of Zot
 56760 | Crypt:2  | Killed Mennas
 57187 | Crypt:3  | Entered Level 3 of the Crypt
 57507 | Crypt:3  | Found a basalt altar of Yredelemnul.
 57515 | Crypt:3  | Reached skill level 22 in Fighting
 57789 | Crypt:3  | Identified the +3 robe of New Discoveries {+Inv rElec rC++
                  | Dex-2}
 57789 | Crypt:3  | Noticed Boris
 57795 | Crypt:3  | Killed Boris
 58129 | Crypt:3  | Found a staircase to the Tomb.
 58547 | Crypt:3  | Reached skill level 23 in Fighting
 58570 | Crypt:3  | Identified the +7 rapier "Iceiduz" {vamp, Str-5 Int+8}
 58903 | Crypt:3  | Reached XP level 27. HP: 217/224 MP: 0/0
 58903 | Crypt:3  | Learned a level 9 spell: Dragon's Call
 58912 | Crypt:3  | Identified the Textbook on Zombies
 58921 | Crypt:3  | Found the +3 crown of Dyrovepreva {rElec Int+2 SInv}
 59190 | Crypt:3  | Noticed a curse skull
 59194 | Crypt:3  | Killed a curse skull
 59196 | Crypt:3  | Noticed a curse skull
 59200 | Crypt:3  | Killed a curse skull
 59770 | Zot:1    | Entered Level 1 of the Realm of Zot
 59783 | Zot:1    | Noticed an electric golem
 60087 | Zot:1    | Noticed an electric golem
 60094 | Zot:1    | Reached skill level 5 in Stealth
 60097 | Zot:1    | Reached skill level 13 in Armour
 60101 | Zot:1    | Killed an electric golem
 60186 | Zot:1    | Killed an electric golem
 60429 | Zot:2    | Reached skill level 14 in Armour
 60738 | Zot:2    | Reached skill level 15 in Armour
 60854 | Zot:2    | Noticed a curse toe
 60877 | Zot:2    | Killed a curse toe
 61175 | Zot:2    | Gained mutation: Your body sometimes deteriorates upon
                  | taking damage. [a shining eye]
 61185 | Zot:2    | Reached skill level 16 in Armour
 61188 | Zot:2    | Lost mutation: Your body sometimes deteriorates upon taking
                  | damage. [potion of mutation]
 61188 | Zot:2    | Gained mutation: You are clumsy. (Dex -2) [potion of
                  | mutation]
 61188 | Zot:2    | Gained mutation: A frigid envelope surrounds you and
                  | freezes all who hurt you. [potion of mutation]
 61188 | Zot:2    | Gained mutation: You are robust. (+10% HP) [potion of
                  | mutation]
 61188 | Zot:2    | Gained mutation: Your muscles are strong. (Str +4, Int/Dex
                  | -1) [potion of mutation]
 61346 | Zot:2    | Noticed an electric golem
 61350 | Zot:2    | Killed an electric golem
 61791 | Zot:3    | Noticed an ancient lich
 61798 | Zot:3    | Killed an ancient lich
 61799 | Zot:3    | Reached skill level 10 in Dodging
 61841 | Zot:3    | Reached skill level 11 in Dodging
 61935 | Zot:3    | Reached skill level 4 in Shields
 61994 | Zot:3    | Reached skill level 5 in Shields
 62051 | Zot:3    | Reached skill level 6 in Shields
 62148 | Zot:3    | Reached skill level 6 in Stealth
 62211 | Zot:3    | Noticed a curse toe
 62211 | Zot:3    | Noticed an orb of fire
 62229 | Zot:3    | Killed an orb of fire
 62230 | Zot:3    | Reached skill level 7 in Stealth
 62238 | Zot:3    | Reached skill level 8 in Stealth
 62244 | Zot:3    | Killed a curse toe
 62675 | Zot:4    | Noticed a curse toe
 62728 | Zot:4    | Noticed a Killer Klown
 62767 | Zot:4    | Reached skill level 17 in Armour
 62791 | Zot:4    | Killed a Killer Klown
 62988 | Zot:3    | Killed a curse toe
 63109 | Zot:4    | Reached skill level 12 in Dodging
 63728 | Zot:5    | Entered Level 5 of the Realm of Zot
 63729 | Zot:5    | Found Ruyfopp's Changing Room.
 63763 | Zot:5    | Reached skill level 13 in Dodging
 64160 | Zot:5    | Reached skill level 14 in Dodging
 64232 | Zot:5    | Noticed an orb of fire
 64245 | Zot:5    | Killed an orb of fire
 64258 | Zot:5    | Noticed an electric golem
 64262 | Zot:5    | Killed an electric golem
 64282 | Zot:5    | Noticed an orb of fire
 64286 | Zot:5    | Killed an orb of fire
 64305 | Zot:5    | Noticed a Killer Klown
 64318 | Zot:5    | Killed a Killer Klown
 64319 | Zot:5    | Reached skill level 15 in Dodging
 64359 | Zot:5    | Noticed a Killer Klown
 64362 | Zot:5    | Killed a Killer Klown
 64415 | Zot:5    | Noticed a Killer Klown
 64419 | Zot:5    | Killed a Killer Klown
 64438 | Zot:5    | Noticed a curse toe
 64440 | Zot:5    | Reached skill level 16 in Dodging
 64442 | Zot:5    | Killed a curse toe
 64508 | Zot:5    | Noticed a Killer Klown
 64513 | Zot:5    | Killed a Killer Klown
 64521 | Zot:5    | Noticed a dread lich
 64523 | Zot:5    | Killed a dread lich
 64583 | Zot:5    | Reached skill level 17 in Dodging
 64684 | Zot:5    | Noticed an orb of fire
 64694 | Zot:5    | Killed an orb of fire
 64777 | Zot:5    | Killed a dread lich
 64778 | Zot:5    | Reached skill level 18 in Dodging
 64791 | Zot:5    | Noticed a Killer Klown
 64797 | Zot:5    | Killed a Killer Klown
 64823 | Zot:5    | Got the Orb of Zot
 64826 | Zot:5    | Noticed an electric golem
 64838 | Zot:5    | Killed an electric golem
 65059 | Depths:1 | Noticed Votzesh the pandemonium lord
 65225 | D:7      | Noticed Jaso the pandemonium lord
 65372 | D:$      | Escaped with the Orb!

Vanquished Creatures
  Frederick (Vaults:2)
  2 dread liches
  An ancient lich (Zot:3)
  A juggernaut (Depths:4)
  Mara (Swamp:3)
  Mennas (Crypt:2)
  3 orbs of fire (Zot:5)
  Boris (Crypt:3)
  Parghit (Depths:3)
  Bai Suzhen (Crypt:1)
  4 Killer Klowns (Zot:5)
  the Lernaean hydra (Swamp:4)
  Margery (Vaults:2)
  A shard shrike (Elf:1)
  A curse toe (Zot:3)
  2 caustic shrikes (Depths:2)
  4 golden dragons
  Nikola (Swamp:2)
  A bone dragon (Crypt:3)
  Jorgrun (Orc:2)
  A walking crystal tome (Depths:3)
  16 tentacled monstrosities
  4 electric golems
  A hellephant (Vaults:2)
  Rupert (Lair:4)
  7 Orb Guardians (Zot:5)
  A deep elf blademaster (Elf:3)
  4 titans (Vaults:5)
  2 liches
  5 quicksilver dragons
  A walking divine tome (Depths:2)
  A deep elf master archer (Elf:3)
  3 sphinxes
  4 death cobs
  Frances (Swamp:1)
  An ancient champion (Crypt:2)
  Agnes (Elf:2)
  A tengu reaver (Vaults:4)
  Kirke (D:12)
  7 shadow dragons
  15 storm dragons
  3 protean progenitors
  2 draconian monks (Zot:3)
  3 vault wardens
  2 fire giants
  2 frost giants
  2 draconian knights (Zot:2)
  2 draconian shifters
  4 deep elf sorcerers
  A juggernaut zombie (Crypt:3)
  4 ghost moths
  2 curse skulls (Crypt:3)
  2 caustic shrike zombies (Crypt:3)
  A draconian scorcher (Zot:4)
  3 orc warlords
  11 ghouls
  4 very ugly things
  A quicksilver ooze (Zot:3)
  3 draconian annihilators
  9 ironbound preservers
  5 stone giants
  A broodmother (Spider:4)
  2 spriggan defenders (Depths:4)
  5 ironbound thunderhulks
  2 vampire knights (Crypt:1)
  4 green draconians
  7 deep elf death magi
  4 eleionomae
  A dire elephant (Vaults:4)
  4 black draconians
  7 white draconians
  5 red draconians
  5 bunyips
  4 deep elf annihilators
  A war gargoyle (Vaults:4)
  3 purple draconians
  4 yellow draconians
  9 eidola
  A spark wasp (Spider:4)
  5 ettins
  A blizzard demon (Zot:5)
  A crystal guardian (Vaults:4)
  3 entropy weavers
  A shambling mangrove (Swamp:2)
  5 yaktaur captains
  A mummy priest (Crypt:3)
  5 fire dragons
  5 jiangshi
  A quicksilver dragon zombie (Crypt:3)
  3 rakshasas
  2 great orbs of eyes
  20 hydras
  Harold (D:9)
  A spriggan zombie (Crypt:3)
  A deep elf high priest (Vaults:5)
  2 vault guards
  2 peacekeepers
  2 fenstrider witch zombies
  A hell beast (Depths:4)
  6 ironbound frosthearts
  3 ice dragons
  16 centaur warriors
  6 alligators
  3 spriggan air magi
  A boulder beetle (Vaults:1)
  A catoblepas (Lair:5)
  A jorogumo (shapeshifter) (Depths:2)
  2 death knights
  7 dancing weapons
  A tengu warrior (Depths:2)
  4 two-headed ogres
  A demonic crawler (Spider:4)
  3 deep troll earth magi
  6 death yaks
  An orc high priest (Orc:2)
  Urug (Orc:2)
  2 vampire magi (Crypt:1)
  5 hell knights
  Nergalle (D:11)
  4 spriggan berserkers
  8 spriggans
  4 deep elf knights
  A sun demon (Depths:4)
  2 iron trolls
  A salamander mystic (Depths:4)
  A soul eater (Crypt:2)
  2 skysharks
  6 deep elf archers
  10 skeletal warriors
  2 pharaoh ants
  A goliath frog (Swamp:4)
  4 spriggan druids
  A spark wasp zombie (Depths:1)
  A golden dragon zombie (Depths:1)
  3 orb spiders
  A swamp dragon (shapeshifter) (Vaults:5)
  A bunyip zombie (Crypt:3)
  22 deep trolls
  An orb spider (shapeshifter) (Vaults:5)
  3 arcanists
  6 swamp dragons (Swamp:4)
  3 glowing orange brains
  7 bog bodies
  An obsidian statue (Zot:5)
  10 lindwurms
  10 phantasmal warriors
  9 flayed ghosts
  5 steelbarb worms
  An obsidian bat (Orc:2)
  2 shadow dragon zombies
  9 orc knights
  7 ironbound convokers
  A frost giant zombie (Vaults:3)
  12 deep elf pyromancers
  12 deep elf zephyrmancers
  4 cyclopes
  3 thermic dynamos (Elf:2)
  A fire giant zombie (Depths:1)
  4 orc sorcerers
  13 wolf spiders
  An iron dragon zombie (Crypt:3)
  A will-o-the-wisp (Lair:2)
  2 shining eyes (Zot:2)
  14 ugly things
  12 moths of wrath
  Maurice (D:11)
  10 elephants
  A manticore (D:13)
  3 meliai
  A salamander (Depths:4)
  3 ice statues (IceCv)
  Joseph (D:10)
  10 torpor snails
  A kobold blastminer (Orc:2)
  A centaur zombie (Crypt:3)
  An alligator skeleton (Crypt:1)
  2 water nymphs (shapeshifter)
  10 black mambas
  13 vault sentinels
  A guardian serpent (Lair:5)
  2 smoke demons
  2 gargoyles
  An alligator snapping turtle zombie (Crypt:3)
  13 cane toads
  8 komodo dragons
  A mana viper skeleton (Crypt:1)
  4 rime drakes
  9 freezing wraiths
  An unseen horror (D:12)
  An anaconda simulacrum (IceCv)
  9 yaktaurs
  A tengu conjurer (D:9)
  A guardian mummy (Crypt:3)
  2 harpy zombies (Crypt:3)
  3 bloated husks
  9 tyrant leeches
  Psyche (D:11)
  6 trolls
  A troll (shapeshifter) (D:14)
  4 polar bears
  17 tarantellas
  16 blink frogs
  7 jumping spiders
  11 dream sheep
  21 hornets
  A guardian serpent skeleton (Crypt:2)
  6 slime creatures
  A fire dragon skeleton (Crypt:1)
  12 culicivoras
  A black mamba zombie (Crypt:3)
  2 shadows
  13 wyverns
  The ghost of Biggs the Ruffian, an amateur TrFi (D:6)
  A wind drake zombie (Crypt:1)
  8 wraiths
  40 yaks
  6 fire elementals
  Eustachio (D:5)
  6 basilisks
  5 wargs
  An unseen horror simulacrum (D:9)
  A ynoxinul (Zot:4)
  An ushabti (Crypt:3)
  38 redbacks
  A hog (shapeshifter) (D:12)
  The ghost of Heh the Slasher, an amateur CoBe of Trog (D:5)
  2 steam dragons
  3 hogs (D:13)
  2 death yak simulacra (IceCv)
  6 vampire mosquitoes
  2 neqoxecs
  6 swamp worms
  Edmund (D:6)
  3 acid dragons
  A human zombie (Depths:1)
  A hydra simulacrum (IceCv)
  A skyshark zombie (Crypt:1)
  22 water moccasins
  2 nameless horrors
  2 hell hounds (Volcano)
  25 orc warriors
  6 swamp drakes (Swamp:4)
  A redback (shapeshifter) (Vaults:5)
  4 ice beasts
  3 sky beasts
  6 ogres
  3 black bears
  12 centaurs
  5 laughing skulls (Crypt:2)
  7 wolves
  A manticore skeleton (Crypt:1)
  A phantom (D:4)
  4 kobold brigands
  Blork the orc (Orc:2)
  20 bullfrogs
  A yaktaur zombie (Crypt:2)
  A rime drake skeleton (Crypt:2)
  A gnoll sergeant (D:11)
  3 scorpions
  An ogre simulacrum (Vaults:3)
  8 wyvern skeletons (Crypt:3)
  A cyclops skeleton (Crypt:2)
  16 wights
  A water moccasin skeleton (D:5)
  An elephant simulacrum (IceCv)
  4 killer bees (D:10)
  4 howler monkeys
  A crimson imp (D:6)
  A bombardier beetle (D:6)
  2 hounds
  8 jellies
  22 orc priests
  A gnoll bouda (D:9)
  3 sleepcaps
  2 bullfrog skeletons (D:5)
  4 iguanas
  28 orc wizards
  A polar bear simulacrum (IceCv)
  A wolf simulacrum (IceCv)
  A brain worm zombie (Crypt:2)
  A crocodile skeleton (Crypt:2)
  A boggart simulacrum (D:15)
  A mummy (Crypt:3)
  5 gnolls (D:11)
  A howler monkey skeleton (D:5)
  8 adders
  3 white imps
  A ribbon worm zombie (Crypt:1)
  An ufetubus (D:6)
  10 dart slugs (D:3)
  4 ribbon worms
  83 orcs
  5 endoplasms
  A giant cockroach (D:2)
  7 goblins
  10 hobgoblins
  4 quokkas
  3 ball pythons
  6 bats
  5 frilled lizards
  A frilled lizard zombie (Crypt:1)
  A jackal skeleton (Crypt:2)
  24 kobolds
  6 rats
  An aspiring flesh (Zot:5)
  A ball lightning (Vaults:1)
  5 foxfires
1432 creatures vanquished.

Vanquished Creatures (collateral kills)
  A dread lich (Zot:5)
  An orb of fire (Zot:3)
  Xtahua (Vaults:4)
  2 Killer Klowns
  3 curse toes
  A caustic shrike (Depths:2)
  4 golden dragons
  A profane servitor (Crypt:3)
  An electric golem (Zot:1)
  A lich (Depths:2)
  11 tentacled monstrosities
  12 Orb Guardians (Zot:5)
  4 titans (Vaults:5)
  A sphinx (Depths:2)
  6 quicksilver dragons
  An Executioner (Zot:5)
  A walking divine tome (Depths:3)
  5 death cobs
  12 storm dragons
  A shadow dragon (Zot:2)
  A tengu reaver (Vaults:3)
  Aizul (Swamp:3)
  3 protean progenitors
  Roxanne (D:14)
  2 draconian monks (Zot:3)
  A frost giant (Depths:2)
  A fire giant (Vaults:3)
  A fenstrider witch (Swamp:1)
  3 deep elf sorcerers (Elf:3)
  5 vault wardens
  5 ghost moths
  7 emperor scorpions (Spider:4)
  3 draconian scorchers
  A cacodemon (WizLab)
  A reaper (WizLab)
  A balrug (WizLab)
  A draconian shifter (Zot:2)
  6 draconian knights
  4 deep elf elementalists (Elf:3)
  A ghoul (Crypt:1)
  A juggernaut zombie (Depths:1)
  4 draconian annihilators
  2 draconian stormcallers
  A spriggan defender (Swamp:2)
  8 ironbound preservers
  A caustic shrike zombie (Depths:1)
  4 ironbound thunderhulks
  A broodmother (Spider:3)
  2 formless jellyfish
  17 very ugly things
  5 green draconians
  2 vampire knights
  The ghost of swap the Destroyer, a journeyman GrEE of Vehumet (Swamp:2)
  8 stone giants
  4 eleionomae
  7 black draconians
  2 deep elf demonologists
  5 red draconians
  2 deep elf annihilators (Elf:3)
  7 yellow draconians
  6 deep elf death magi
  2 war gargoyles
  Azrael (D:14)
  9 dire elephants
  4 spark wasps
  2 bunyips (Swamp:1)
  2 purple draconians
  10 white draconians
  A blizzard demon (WizLab)
  6 ettins
  6 entropy weavers
  2 shambling mangroves
  7 yaktaur captains
  4 deep elf high priests
  A great orb of eyes (Vaults:3)
  2 hydras
  3 spriggan zombies (Depths:1)
  25 vault guards
  3 fire dragons (Depths:2)
  3 jorogumos
  2 ghost crabs
  2 ice dragons (Elf:1)
  A rakshasa (Depths:2)
  3 peacekeepers (Vaults:4)
  An alligator (Swamp:2)
  A radroach (Spider:3)
  2 ogre magi (Vaults:5)
  7 centaur warriors
  A death knight (Crypt:3)
  3 dancing weapons
  2 ironbound frosthearts
  5 boulder beetles
  8 two-headed ogres (Vaults:5)
  A sphinx zombie (Depths:1)
  A tengu warrior (Depths:2)
  5 deep troll earth magi
  6 demonic crawlers
  An occultist (Depths:2)
  3 deep troll shamans
  5 hell knights
  3 deep elf knights
  A sun demon (WizLab)
  3 spriggan berserkers
  3 storm dragon zombies
  2 goliath frogs
  3 skysharks (Zot:2)
  A salamander mystic (D:15)
  An iron troll (Depths:2)
  3 pharaoh ants
  4 deep elf archers
  2 golden dragon zombies
  6 skeletal warriors (Crypt:3)
  2 swamp dragons
  A spark wasp zombie (Depths:1)
  19 deep trolls
  7 arcanists
  An elf simulacrum (Elf:1)
  2 sun moths
  2 flayed ghosts (Crypt:3)
  3 orb spiders
  9 phantasmal warriors
  3 bog bodies
  A spriggan druid (Swamp:2)
  6 ironbound convokers
  4 lindwurms
  A shadow dragon zombie (Depths:1)
  4 orc knights
  6 deep elf zephyrmancers
  4 steelbarb worms
  8 wolf spiders
  16 deep elf pyromancers
  2 necromancers
  A faun (shapeshifter) (Vaults:5)
  38 ugly things
  2 frost giant zombies (Depths:1)
  A salamander (Depths:4)
  2 will-o-the-wisps (Swamp:2)
  13 moths of wrath
  A manticore (D:15)
  A moth of wrath (shapeshifter) (Elf:3)
  2 fire giant zombies (Depths:1)
  10 vault sentinels
  An ice statue (Zot:1)
  An eye of devastation (shapeshifter) (Depths:2)
  A molten gargoyle (Depths:2)
  4 torpor snails
  21 yaktaurs
  2 tengu conjurers (Depths:2)
  A tormentor (WizLab)
  4 freezing wraiths
  A purple draconian skeleton (Crypt:2)
  A troll (Vaults:5)
  A bloated husk (Swamp:1)
  A queen bee (shapeshifter) (D:14)
  3 hornets
  16 tarantellas
  12 jumping spiders
  5 tyrant leeches
  16 slime creatures
  11 culicivoras
  A ynoxinul (WizLab)
  2 air elementals (Elf:3)
  7 spriggans
  2 wraiths (D:14)
  7 fire elementals
  2 nameless horrors
  2 basilisks
  2 neqoxecs (WizLab)
  A redback (shapeshifter) (D:15)
  33 redbacks
  A vampire mosquito (Swamp:1)
  6 swamp worms
  A human zombie (Depths:1)
  3 tengu zombies
  2 glowing shapeshifter zombies
  A hell hound (D:14)
  A swamp drake (Swamp:1)
  11 orc warriors
  4 laughing skulls
  An ogre (Vaults:5)
  A salamander zombie (Crypt:2)
  A human simulacrum (Vaults:3)
  5 earth elementals
  A wyvern skeleton (Crypt:3)
  7 wights (Crypt:3)
  2 orc priests
  An orc wizard (Vaults:5)
  13 orcs
  2 aspiring fleshes
  5 ball lightnings
  10 foxfires
806 creatures vanquished.

Vanquished Creatures (others)
  A caustic shrike (Depths:2)
  A deep elf blademaster (Elf:3)
  3 Orb Guardians (Zot:5)
  A deep elf master archer (Elf:3)
  A storm dragon (Zot:4)
  A protean progenitor (Zot:3)
  2 vault wardens (Vaults:5)
  A draconian stormcaller (Zot:2)
  An ironbound preserver (Vaults:4)
  8 very ugly things
  A quicksilver ooze (Zot:3)
  3 stone giants
  2 ironbound thunderhulks
  A green draconian (Zot:5)
  A black draconian (Zot:4)
  A deep elf demonologist (Elf:3)
  A vampire knight (Depths:2)
  A deep elf death mage (Elf:3)
  2 deep elf annihilators (Elf:3)
  2 red draconians
  2 white draconians (Zot:1)
  A dire elephant (Vaults:3)
  A yellow draconian (Zot:4)
  An ettin (Depths:1)
  4 yaktaur captains
  2 deep elf high priests
  2 vault guards
  An ironbound frostheart (Vaults:3)
  A centaur warrior (Vaults:2)
  A boulder beetle (Vaults:1)
  A death knight (Crypt:3)
  A two-headed ogre (Vaults:5)
  2 hell hogs (Depths:4)
  A deep troll earth mage (Vaults:3)
  A spriggan berserker (Depths:4)
  A hell knight (Vaults:2)
  A sun demon (WizLab)
  A deep elf knight (Elf:1)
  3 deep elf archers
  3 deep trolls
  6 ironbound convokers
  6 deep elf zephyrmancers
  A phantasmal warrior (Crypt:3)
  7 ugly things
  A salamander (Depths:4)
  2 orc knights (Vaults:4)
  2 necromancers
  2 deep elf pyromancers (Elf:3)
  An orc sorcerer (Vaults:4)
  A moth of wrath (Zot:5)
  3 vault sentinels
  A tengu conjurer (Depths:2)
  3 yaktaurs
  A glass eye (shapeshifter) (Vaults:5)
  2 slime creatures (Vaults:2)
  A culicivora (Spider:2)
  2 spriggans (Swamp:2)
  A wraith (Crypt:2)
  A water moccasin (Lair:5)
  3 laughing skulls (Crypt:2)
  An ogre (Vaults:5)
  767 ball lightnings
  1776 foxfires
2657 creatures vanquished.

Grand Total: 4895 creatures vanquished

Table legend: (Time is in decaauts)
 A = Elapsed time spent in this place.
 B = Non-inter-level travel time spent in this place.
 C = Inter-level travel time spent in this place.
 D = Time resting spent in this place.
 E = Time spent auto-exploring this place.
 F = Levels seen in this place.
 G = Mean time per level.
                   A        B        C        D        E       F      G
               +--------+--------+--------+--------+--------+-----+--------+
         Total |  65464 |  55740 |   9724 |   8284 |  30464 |  55 | 1190.3 |
       Dungeon |  19708 |  15206 |   4502 |   2337 |  10139 |  15 | 1313.9 |
        Temple |     34 |      1 |     33 |      0 |      0 |   1 |   34.0 |
          Lair |   8858 |   7538 |   1320 |   1252 |   4646 |   5 | 1771.6 |
         Swamp |   4517 |   3843 |    674 |    748 |   1745 |   4 | 1129.2 |
   Spider Nest |   3868 |   3671 |    197 |    658 |   1665 |   4 |  967.0 |
  Orcish Mines |   1919 |   1559 |    360 |    139 |    828 |   2 |  959.5 |
   Elven Halls |   3015 |   2898 |    117 |    260 |   1599 |   3 | 1005.0 |
        Vaults |   8594 |   7503 |   1091 |    442 |   3836 |   5 | 1718.8 |
         Crypt |   4109 |   3736 |    373 |    477 |   1850 |   3 | 1369.7 |
        Depths |   4812 |   4090 |    722 |    619 |   1990 |   4 | 1203.0 |
           Zot |   4898 |   4567 |    331 |    823 |   2094 |   5 |  979.6 |
        Bazaar |     84 |     84 |      0 |      0 |     63 |   1 |   84.0 |
      Ice Cave |    392 |    392 |      0 |    175 |      8 |   1 |  392.0 |
       Volcano |    341 |    341 |      0 |    139 |      0 |   1 |  341.0 |
        Wizlab |    307 |    307 |      0 |    214 |      0 |   1 |  307.0 |
               +--------+--------+--------+--------+--------+-----+--------+

Top non-repeatable levels by time:
     D:8: 2934 daAuts
  Lair:2: 2803 daAuts
     D:9: 2375 daAuts
 Crypt:3: 2232 daAuts
  Lair:1: 1954 daAuts
    D:10: 1930 daAuts
Vaults:5: 1922 daAuts
Vaults:1: 1893 daAuts
Vaults:2: 1826 daAuts
  Lair:5: 1822 daAuts
Vaults:3: 1647 daAuts
     D:6: 1502 daAuts
 Swamp:2: 1492 daAuts
   Orc:2: 1443 daAuts
   Zot:3: 1419 daAuts

Table legend:
 A = Non-vault XP
 B = Vault XP
 C = Vault XP percentage of total XP
 D = Non-vault monster count
 E = Vault monster count
 F = Vault count percentage of total count
                 A         B        C        D         E       F
            +---------+---------+-------+---------+---------+-------
      Total |  732796 |  636316 |  46.5 |    1395 |     860 |  38.1
            +---------+---------+-------+---------+---------+-------
        D:1 |      32 |       0 |   0.0 |      21 |       0 |   0.0
        D:2 |      29 |      17 |  37.0 |      13 |       7 |  35.0
        D:3 |      16 |      40 |  71.4 |       8 |      10 |  55.6
        D:4 |     914 |      43 |   4.5 |      36 |       3 |   7.7
        D:5 |     683 |     544 |  44.3 |      21 |       6 |  22.2
        D:6 |    1345 |    1265 |  48.5 |      20 |      22 |  52.4
        D:7 |     820 |       0 |   0.0 |      13 |       0 |   0.0
        D:8 |     575 |     993 |  63.3 |      19 |       4 |  17.4
        D:9 |     915 |    7354 |  88.9 |      23 |      21 |  47.7
       D:10 |     996 |     755 |  43.1 |      12 |      11 |  47.8
       D:11 |    4343 |    1581 |  26.7 |      30 |       3 |   9.1
       D:12 |    6840 |    2104 |  23.5 |      16 |       3 |  15.8
       D:13 |    4723 |     585 |  11.0 |      10 |       3 |  23.1
       D:14 |    8640 |    7192 |  45.4 |      18 |      35 |  66.0
       D:15 |    2639 |    3098 |  54.0 |       8 |       4 |  33.3
     Lair:1 |    9472 |     669 |   6.6 |      39 |       4 |   9.3
     Lair:2 |   12479 |    3003 |  19.4 |      35 |      10 |  22.2
     Lair:3 |    9437 |       0 |   0.0 |      27 |       0 |   0.0
     Lair:4 |    3142 |    1973 |  38.6 |       9 |       6 |  40.0
     Lair:5 |    9451 |   17060 |  64.4 |      29 |      55 |  65.5
    Swamp:1 |   10466 |    1511 |  12.6 |      21 |       1 |   4.5
    Swamp:2 |   15159 |    8289 |  35.4 |      23 |      13 |  36.1
    Swamp:3 |   17062 |    5262 |  23.6 |      32 |       2 |   5.9
    Swamp:4 |   13063 |   16593 |  56.0 |      21 |      23 |  52.3
   Spider:1 |   18415 |       0 |   0.0 |      62 |       0 |   0.0
   Spider:2 |   11984 |       0 |   0.0 |      33 |       0 |   0.0
   Spider:3 |   15897 |    3860 |  19.5 |      37 |       6 |  14.0
   Spider:4 |   25285 |   19058 |  43.0 |      53 |      34 |  39.1
      Orc:1 |    2614 |       0 |   0.0 |      35 |       0 |   0.0
      Orc:2 |    2732 |    9505 |  77.7 |      24 |      35 |  59.3
      Elf:1 |   17681 |   13131 |  42.6 |      29 |      17 |  37.0
      Elf:2 |   15964 |    3136 |  16.4 |      25 |       3 |  10.7
      Elf:3 |   11908 |   30021 |  71.6 |      20 |      29 |  59.2
   Vaults:1 |   33919 |   26184 |  43.6 |      49 |      35 |  41.7
   Vaults:2 |   30322 |   28178 |  48.2 |      50 |      31 |  38.3
   Vaults:3 |   21159 |   26277 |  55.4 |      40 |      33 |  45.2
   Vaults:4 |   11524 |   23602 |  67.2 |      19 |      26 |  57.8
   Vaults:5 |   31688 |   92429 |  74.5 |      53 |      85 |  61.6
    Crypt:1 |   13998 |    3134 |  18.3 |      24 |       1 |   4.0
    Crypt:2 |   14487 |    4401 |  23.3 |      31 |       1 |   3.1
    Crypt:3 |       0 |   67559 | 100.0 |       0 |     110 | 100.0
   Depths:1 |   28664 |   14890 |  34.2 |      42 |      24 |  36.4
   Depths:2 |   41725 |   13170 |  24.0 |      48 |       9 |  15.8
   Depths:3 |    4776 |   16943 |  78.0 |       5 |      11 |  68.8
   Depths:4 |   36251 |    9378 |  20.6 |      41 |      12 |  22.6
      Zot:1 |   35290 |   10331 |  22.6 |      28 |      11 |  28.2
      Zot:2 |   47126 |   19660 |  29.4 |      41 |      13 |  24.1
      Zot:3 |   37496 |   21469 |  36.4 |      27 |      15 |  35.7
      Zot:4 |   46846 |    3174 |   6.3 |      41 |       2 |   4.7
      Zot:5 |   41804 |   81769 |  66.2 |      34 |      35 |  50.7
      IceCv |       0 |    3258 | 100.0 |       0 |      12 | 100.0
    Volcano |       0 |    4956 | 100.0 |       0 |      14 | 100.0
     WizLab |       0 |    6912 | 100.0 |       0 |      10 | 100.0
            +---------+---------+-------+---------+---------+-------
